[ AOE2 MATCH · #505854732 ]
UnrankedJurchens vs Persians
Player's team · LOSS
Rival team · WIN
[ REPLAY ANALYSIS · EXTRACTED FROM THE RECORDED GAME ]
Feudal
13:37
Castle
24:33
Imperial
35:10
| APM avg | 60.4 |
| APM peak | 115 |
| eAPM avg | 31.1 |
| Villagers / military | 141 / 160 |
Focus
⚔️ 30.6% · 🌾 69.4%
Spearman ×91 · Scout Cavalry ×52 · Fishing Ship ×26 · Bombard Cannon ×4 · Militia ×3 · Steppe Lancer ×3
Feudal
15:11
Castle
21:41
Imperial
33:10
| APM avg | 34.6 |
| APM peak | 86 |
| eAPM avg | 23.0 |
| Villagers / military | 130 / 100 |
Focus
⚔️ 29.1% · 🌾 70.9%
Knight ×60 · Archer ×29 · Fishing Ship ×26 · Trebuchet (Packed) ×5 · Monk ×3 · Mangonel ×2
Match map
Initial resources + every placement click. Lines = walls · curves = elevation contours. ◆ gold · ⬟ stone · ● berries · ✦ relic · ◌ wall gap
Your base· ✓ Closed at 24:33 · 50t walls · 1 gate(s)
Grumpy's base· ✓ Closed at 21:41 · 64t walls · no gate
Smoothed initial terrain · ◌ = detected wall gap · hover for details
Inputs per minute
— LukeTheHunter - - Grumpy
Build order — LukeTheHunter
First 150 of 526 actions detected
| 0:00 | Create | Villager (Male) |
| 0:01 | Create | Villager (Male) |
| 0:02 | Build | House |
| 0:03 | Build | House |
| 0:09 | Create | Villager (Male) |
| 0:10 | Create | Villager (Male) |
| 1:19 | Research | Loom |
| 1:19 | Create | Villager (Male) |
| 1:29 | Create | Villager (Male) |
| 1:53 | Create | Villager (Male) |
| 1:54 | Create | Villager (Male) |
| 2:55 | Create | Villager (Male) |
| 3:07 | Create | Villager (Male) |
| 3:40 | Create | Villager (Male) |
| 3:57 | Build | Palisade Wall |
| 4:07 | Create | Villager (Male) |
| 4:07 | Create | Villager (Male) |
| 4:38 | Create | Villager (Male) |
| 4:57 | Create | Villager (Male) |
| 4:57 | Create | Villager (Male) |
| 5:41 | Create | Villager (Male) |
| 5:54 | Create | Villager (Male) |
| 6:01 | Build | Lumber Camp |
| 6:08 | Build | Lumber Camp |
| 6:11 | Build | House |
| 6:42 | Create | Villager (Male) |
| 6:53 | Create | Villager (Male) |
| 6:54 | Create | Villager (Male) |
| 6:54 | Create | Villager (Male) |
| 7:10 | Create | Villager (Male) |
| 8:06 | Build | Mill |
| 8:08 | Create | Villager (Male) |
| 8:28 | Create | Villager (Male) |
| 8:38 | Build | House |
| 9:18 | Build | House |
| 9:19 | Create | Villager (Male) |
| 9:20 | Create | Villager (Male) |
| 9:30 | Build | Palisade Wall |
| 9:36 | Build | Palisade Wall |
| 9:42 | Build | Palisade Wall |
| 9:47 | Build | Palisade Wall |
| 9:49 | Build | Palisade Wall |
| 9:50 | Build | Palisade Wall |
| 9:52 | Create | Villager (Male) |
| 10:50 | Build | Mill |
| 10:54 | Create | Villager (Male) |
| 11:27 | Research | Feudal Age |
| 11:45 | Build | Barracks |
| 12:29 | Create | Militia |
| 12:29 | Create | Militia |
| 12:32 | Build | Mining Camp |
| 12:48 | Build | House |
| 12:50 | Build | House |
| 12:51 | Build | House |
| 12:52 | Build | House |
| 12:55 | Create | Villager (Male) |
| 12:56 | Create | Militia |
| 13:37 | Age | Feudal Age |
| 13:38 | Build | Mining Camp |
| 13:41 | Research | Man-at-Arms (upgrade) |
| 13:56 | Create | Villager (Male) |
| 14:03 | Research | Double-Bit Axe |
| 14:13 | Build | Watch Tower |
| 14:23 | Build | Watch Tower |
| 14:26 | Create | Villager (Male) |
| 14:38 | Build | Dock |
| 14:50 | Build | Dock |
| 14:55 | Create | Villager (Male) |
| 15:11 | Create | Villager (Male) |
| 15:14 | Build | House |
| 15:42 | Create | Villager (Male) |
| 15:59 | Create | Villager (Male) |
| 16:08 | Build | Watch Tower |
| 16:15 | Create | Fishing Ship |
| 16:15 | Create | Fishing Ship |
| 16:17 | Build | Dock |
| 16:33 | Create | Villager (Male) |
| 16:41 | Create | Villager (Male) |
| 17:02 | Create | Villager (Male) |
| 17:13 | Create | Fishing Ship |
| 17:13 | Create | Fishing Ship |
| 17:14 | Create | Villager (Male) |
| 17:16 | Create | Fishing Ship |
| 17:28 | Build | House |
| 17:30 | Build | House |
| 18:04 | Create | Fishing Ship |
| 18:04 | Create | Fishing Ship |
| 18:07 | Create | Villager (Male) |
| 18:10 | Research | Tech 906 |
| 18:28 | Build | House |
| 18:29 | Build | House |
| 18:32 | Create | Villager (Male) |
| 18:40 | Build | Fish Trap |
| 18:51 | Create | Villager (Male) |
| 19:00 | Create | Fishing Ship |
| 19:00 | Create | Fishing Ship |
| 19:09 | Build | Fish Trap |
| 19:25 | Create | Villager (Male) |
| 19:36 | Build | Lumber Camp |
| 19:42 | Create | Villager (Male) |
| 19:46 | Build | Watch Tower |
| 19:55 | Create | Fishing Ship |
| 20:03 | Create | Villager (Male) |
| 20:14 | Build | Fish Trap |
| 20:18 | Create | Fishing Ship |
| 20:18 | Create | Fishing Ship |
| 20:34 | Build | Stone Wall |
| 20:42 | Build | Stone Wall |
| 20:47 | Create | Villager (Male) |
| 20:51 | Build | Blacksmith |
| 20:54 | Create | Villager (Male) |
| 21:14 | Build | Market |
| 21:27 | Build | Stone Wall |
| 21:29 | Build | Stone Wall |
| 21:33 | Build | Stone Wall |
| 21:53 | Research | Castle Age |
| 22:04 | Build | Fish Trap |
| 22:07 | Create | Fishing Ship |
| 22:13 | Build | Fish Trap |
| 22:16 | Build | Fish Trap |
| 22:24 | Build | Fish Trap |
| 22:36 | Build | Stone Wall |
| 22:45 | Research | Forging |
| 22:52 | Build | Stable |
| 22:58 | Build | Stone Wall |
| 23:11 | Build | Fish Trap |
| 23:14 | Build | Fish Trap |
| 23:27 | Build | Stone Wall |
| 23:31 | Build | Gate |
| 23:46 | Build | Fish Trap |
| 23:50 | Build | Fish Trap |
| 23:52 | Build | Fish Trap |
| 23:54 | Create | Fishing Ship |
| 24:20 | Create | Villager (Male) |
| 24:33 | Age | Castle Age |
| 24:36 | Build | Town Center |
| 24:38 | Research | Bow Saw |
| 24:39 | Create | Scout Cavalry |
| 24:39 | Create | Scout Cavalry |
| 24:40 | Create | Villager (Male) |
| 24:47 | Build | Fish Trap |
| 24:53 | Build | Fish Trap |
| 25:01 | Create | Villager (Male) |
| 25:04 | Build | Fish Trap |
| 25:27 | Build | Town Center |
| 25:29 | Create | Villager (Male) |
| 25:30 | Create | Scout Cavalry |
| 25:38 | Create | Villager (Male) |
| 25:40 | Create | Fishing Ship |
| 25:40 | Create | Fishing Ship |
Build order — Grumpy
First 150 of 471 actions detected
| 0:00 | Create | Villager (Male) |
| 0:01 | Create | Villager (Male) |
| 0:02 | Build | House |
| 0:05 | Build | House |
| 0:06 | Create | Villager (Male) |
| 0:06 | Create | Villager (Male) |
| 0:07 | Create | Villager (Male) |
| 0:30 | Research | Loom |
| 0:38 | Create | Villager (Male) |
| 0:39 | Create | Villager (Male) |
| 1:36 | Build | Palisade Wall |
| 1:37 | Create | Villager (Male) |
| 1:38 | Create | Villager (Male) |
| 2:29 | Create | Villager (Male) |
| 3:03 | Create | Villager (Male) |
| 3:34 | Create | Villager (Male) |
| 4:11 | Create | Villager (Male) |
| 4:11 | Create | Villager (Male) |
| 4:36 | Build | House |
| 4:40 | Build | House |
| 4:51 | Create | Villager (Male) |
| 5:03 | Create | Villager (Male) |
| 5:13 | Build | Palisade Wall |
| 5:19 | Build | Palisade Wall |
| 5:20 | Create | Villager (Male) |
| 5:48 | Create | Villager (Male) |
| 5:54 | Build | Lumber Camp |
| 6:29 | Build | Palisade Wall |
| 6:33 | Create | Villager (Male) |
| 6:39 | Create | Villager (Male) |
| 7:05 | Build | Palisade Wall |
| 7:09 | Build | Palisade Wall |
| 7:21 | Build | Palisade Wall |
| 7:43 | Create | Villager (Male) |
| 7:43 | Create | Villager (Male) |
| 7:48 | Build | Lumber Camp |
| 7:59 | Create | Villager (Male) |
| 8:36 | Build | House |
| 8:40 | Build | House |
| 8:56 | Build | Palisade Wall |
| 8:59 | Build | Palisade Wall |
| 9:04 | Create | Villager (Male) |
| 9:09 | Create | Villager (Male) |
| 9:20 | Build | Palisade Wall |
| 9:26 | Create | Villager (Male) |
| 9:33 | Build | Mill |
| 10:21 | Build | Mill |
| 10:25 | Build | House |
| 10:38 | Create | Villager (Male) |
| 10:43 | Build | Outpost |
| 11:03 | Create | Villager (Male) |
| 11:12 | Build | Outpost |
| 11:29 | Build | Dock |
| 11:29 | Create | Villager (Male) |
| 11:40 | Create | Villager (Male) |
| 11:58 | Build | Palisade Wall |
| 11:59 | Build | Palisade Wall |
| 12:01 | Build | Palisade Wall |
| 12:04 | Create | Villager (Male) |
| 12:06 | Create | Fishing Ship |
| 12:12 | Build | House |
| 12:27 | Build | House |
| 12:29 | Create | Fishing Ship |
| 12:30 | Create | Villager (Male) |
| 12:45 | Create | Villager (Male) |
| 12:54 | Create | Fishing Ship |
| 13:07 | Research | Feudal Age |
| 13:15 | Build | Mining Camp |
| 13:48 | Build | House |
| 14:01 | Create | Fishing Ship |
| 14:04 | Create | Villager (Male) |
| 14:21 | Build | House |
| 14:22 | Create | Villager (Male) |
| 14:25 | Create | Fishing Ship |
| 14:35 | Create | Villager (Male) |
| 14:49 | Build | House |
| 14:52 | Build | House |
| 15:11 | Age | Feudal Age |
| 15:14 | Build | Stone Wall |
| 15:20 | Build | Stone Wall |
| 15:21 | Create | Villager (Male) |
| 15:22 | Build | Stone Wall |
| 15:30 | Research | Double-Bit Axe |
| 15:36 | Create | Fishing Ship |
| 15:40 | Build | House |
| 16:02 | Build | Stone Wall |
| 16:14 | Build | Mining Camp |
| 16:16 | Create | Villager (Male) |
| 16:24 | Build | Stone Wall |
| 16:28 | Build | Stone Wall |
| 16:44 | Create | Fishing Ship |
| 16:46 | Create | Villager (Male) |
| 17:20 | Build | Market |
| 17:24 | Create | Villager (Male) |
| 17:45 | Build | Watch Tower |
| 17:48 | Create | Villager (Male) |
| 18:18 | Build | House |
| 18:25 | Create | Villager (Male) |
| 18:28 | Build | Blacksmith |
| 18:52 | Create | Villager (Male) |
| 19:00 | Build | Watch Tower |
| 19:14 | Research | Castle Age |
| 19:21 | Create | Fishing Ship |
| 19:25 | Build | Fish Trap |
| 19:29 | Build | Fish Trap |
| 19:40 | Build | Stone Wall |
| 19:46 | Build | Fish Trap |
| 19:50 | Build | Fish Trap |
| 20:35 | Build | Fish Trap |
| 20:48 | Build | Fish Trap |
| 20:52 | Create | Fishing Ship |
| 20:56 | Build | Dock |
| 21:00 | Create | Villager (Male) |
| 21:05 | Build | Fish Trap |
| 21:07 | Create | Villager (Male) |
| 21:22 | Research | Tech 906 |
| 21:41 | Age | Castle Age |
| 21:45 | Build | Siege Workshop |
| 21:59 | Build | Fish Trap |
| 22:01 | Create | Villager (Male) |
| 22:07 | Research | Bow Saw |
| 22:24 | Research | Gold Mining |
| 22:30 | Build | Monastery |
| 22:36 | Create | Mangonel |
| 22:48 | Create | Villager (Male) |
| 22:48 | Create | Villager (Male) |
| 23:05 | Create | Villager (Male) |
| 23:12 | Create | Villager (Male) |
| 23:14 | Create | Fishing Ship |
| 23:15 | Create | Fishing Ship |
| 23:17 | Create | Mangonel |
| 23:33 | Build | Mining Camp |
| 23:46 | Create | Villager (Male) |
| 23:55 | Build | House |
| 24:07 | Create | Villager (Male) |
| 24:14 | Create | Villager (Male) |
| 24:18 | Build | Fish Trap |
| 24:20 | Create | Monk |
| 24:31 | Build | Fish Trap |
| 24:32 | Create | Fishing Ship |
| 24:32 | Create | Fishing Ship |
| 24:35 | Build | Town Center |
| 24:52 | Create | Monk |
| 25:04 | Build | Gate |
| 25:09 | Create | Villager (Male) |
| 25:12 | Create | Battering Ram |
| 25:17 | Build | Fish Trap |
| 25:20 | Build | Fish Trap |
| 25:21 | Create | Fishing Ship |
| 25:22 | Create | Villager (Male) |
Match timeline
| 1:36 | Grumpy · wall_segment Palisade Wall x9 |
| 3:57 | LukeTheHunter · wall_segment Palisade Wall x5 |
| 5:13 | Grumpy · wall_segment Palisade Wall x7 |
| 5:19 | Grumpy · wall_segment Palisade Wall x3 |
| 6:29 | Grumpy · wall_segment Palisade Wall x1 |
| 7:05 | Grumpy · wall_segment Palisade Wall x1 |
| 7:09 | Grumpy · wall_segment Palisade Wall x1 |
| 7:21 | Grumpy · wall_segment Palisade Wall x1 |
| 8:56 | Grumpy · wall_segment Palisade Wall x3 |
| 8:59 | Grumpy · wall_segment Palisade Wall x1 |
| 9:20 | Grumpy · wall_segment Palisade Wall x4 |
| 9:30 | LukeTheHunter · wall_segment Palisade Wall x10 |
| 9:36 | LukeTheHunter · wall_segment Palisade Wall x1 |
| 9:42 | LukeTheHunter · wall_segment Palisade Wall x1 |
| 9:47 | LukeTheHunter · wall_segment Palisade Wall x1 |
| 9:49 | LukeTheHunter · wall_segment Palisade Wall x1 |
| 9:50 | LukeTheHunter · wall_segment Palisade Wall x1 |
| 11:29 | Grumpy · first_building Dock |
| 11:45 | LukeTheHunter · first_building Barracks |
| 11:58 | Grumpy · wall_segment Palisade Wall x10 |
| 11:59 | Grumpy · wall_segment Palisade Wall x1 |
| 12:01 | Grumpy · wall_segment Palisade Wall x1 |
| 13:37 | LukeTheHunter · age_up feudal |
| 14:38 | LukeTheHunter · first_building Dock |
| 15:11 | Grumpy · age_up feudal |
| 15:14 | Grumpy · wall_segment Stone Wall x8 |
| 15:20 | Grumpy · wall_segment Stone Wall x5 |
| 15:22 | Grumpy · wall_segment Stone Wall x5 |
| 16:02 | Grumpy · wall_segment Stone Wall x1 |
| 16:24 | Grumpy · wall_segment Stone Wall x4 |
| 16:28 | Grumpy · wall_segment Stone Wall x4 |
| 18:21 | Grumpy · first_market_buy 100 food |
| 19:40 | Grumpy · wall_segment Stone Wall x1 |
| 20:34 | LukeTheHunter · wall_segment Stone Wall x12 |
| 20:42 | LukeTheHunter · wall_segment Stone Wall x13 |
| 21:27 | LukeTheHunter · wall_segment Stone Wall x1 |
| 21:29 | LukeTheHunter · wall_segment Stone Wall x3 |
| 21:33 | LukeTheHunter · wall_segment Stone Wall x3 |
| 21:41 | Grumpy · age_up castle |
| 21:45 | Grumpy · first_building Siege Workshop |
| 22:30 | Grumpy · first_building Monastery |
| 22:36 | LukeTheHunter · wall_segment Stone Wall x1 |
| 22:52 | LukeTheHunter · first_building Stable |
| 22:58 | LukeTheHunter · wall_segment Stone Wall x3 |
| 23:27 | LukeTheHunter · wall_segment Stone Wall x8 |
| 24:33 | LukeTheHunter · age_up castle |
| 26:45 | Grumpy · wall_segment Stone Wall x6 |
| 27:14 | LukeTheHunter · first_market_buy 100 food |
| 28:15 | Grumpy · first_building Castle |
| 28:47 | Grumpy · first_building Barracks |
| 29:46 | LukeTheHunter · first_building Castle |
| 31:52 | LukeTheHunter · first_market_sell 100 wood |
| 32:55 | Grumpy · wall_segment Stone Wall x6 |
| 32:57 | Grumpy · wall_segment Stone Wall x7 |
| 33:10 | Grumpy · age_up imperial |
| 33:11 | Grumpy · first_building Stable |
| 34:22 | Grumpy · wall_segment Stone Wall x2 |
| 34:44 | LukeTheHunter · first_building Monastery |
| 35:10 | LukeTheHunter · age_up imperial |
| 35:21 | LukeTheHunter · first_building Siege Workshop |
| 36:13 | LukeTheHunter · wall_segment Stone Wall x1 |
| 38:26 | Grumpy · first_building Archery Range |
| 39:32 | LukeTheHunter · wall_segment Stone Wall x1 |
| 39:33 | LukeTheHunter · wall_segment Stone Wall x1 |
| 39:41 | LukeTheHunter · wall_segment Stone Wall x1 |
| 39:44 | LukeTheHunter · wall_segment Stone Wall x3 |
| 42:15 | LukeTheHunter · wall_segment Stone Wall x1 |
| 45:05 | LukeTheHunter · resign |
[ AI ANALYSIS · 1 CREDIT ]
What really happened in this match?
Wolo.gg analyzes every decision: build order, eco, micro, common mistakes by bracket. Personalized analysis on WhatsApp or Discord in 30 seconds.
Civ guide
Jurchens
Perfil
LukeTheHunter